 Dungeon Crawl Stone Soup version 0.28-a0-773-g130ae17fe5 (webtiles) character file.

Game seed: 15691027472560377357

245 pokeman the Magician (level 5, -1/29 HPs)
             Began as a Deep Elf Hedge Wizard on Nov 1, 2021.
             Slain by a killer bee (9 damage)
             ... on level 6 of the Dungeon.
             The game lasted 00:05:22 (3759 turns).

pokeman the Magician (Deep Elf Hedge Wizard)        Turns: 3759, Time: 00:05:23

Health: -1/29      AC:  2    Str:  7    XL:     5   Next: 83%
Magic:  6/16       EV: 13    Int: 20    God:
Gold:   286        SH:  0    Dex: 14    Spells: 6/17 levels left

rFire   . . .      SeeInvis .   h - +1 short sword (speed)
rCold   . . .      Faith    .   (no shield)
rNeg    . . .      Spirit   .   b - +0 robe
rPois   .          Reflect  .   c - +0 hat
rElec   .          Harm     .   (no cloak)
rCorr   .          Rampage  .   (no gloves)
Will    .....                   (no boots)
Stlth   ++........              (no amulet)
HPRegen 0.09/turn               (no ring)
MPRegen 0.15/turn               (no ring)

@: no status effects
A: no striking features
a: no special abilities


You were on level 6 of the Dungeon.
You visited 1 branch of the dungeon, and saw 6 of its levels.

You collected 286 gold pieces.

Inventory:

Hand Weapons
 h - a +1 short sword of speed (weapon)
Missiles
 a - 61 bolts
 g - 24 arrows
Armour
 b - a +0 robe (worn)
 c - a +0 hat (worn)
 m - a +2 buckler
Scrolls
 d - a scroll of holy word {unknown}
 f - 3 scrolls of identify {unknown}
 i - 2 scrolls of blinking {unknown}
 j - a scroll of magic mapping {unknown}
 l - a scroll of silence {unknown}
 n - a scroll of teleportation {unknown}
Potions
 e - 2 potions of invisibility {unknown}
 k - a potion of might {unknown}


   Skills:
 - Level 1.0 Fighting
 - Level 1.0 Armour
 - Level 3.0 Dodging
 - Level 3.0 Stealth
 + Level 0.0 Shields
 * Level 6.6 Spellcasting
 + Level 2.9 Conjurations
 - Level 1.1 Summonings
 - Level 1.1 Translocations
 - Level 1.1 Fire Magic
 - Level 1.1 Air Magic
 + Level 0.1 Poison Magic


You had 6 spell levels left.
You knew the following spells:

 Your Spells              Type           Power      Damage    Failure   Level
a - Magic Dart            Conj           72%        1d6       3%          1
b - Mephitic Cloud        Conj/Pois/Air  12%        N/A       17%         3
c - Call Imp              Summ           11%        N/A       10%         2
d - Blink                 Tloc           22%        N/A       10%         2
e - Conjure Flame         Conj/Fire      14%        6-21      13%         3

Your spell library contained the following spells:

 Spells                   Type           Power      Damage    Failure   Level
 Slow                     Hex            24%        N/A       10%         1
 Lesser Beckoning         Tloc           11%        N/A       19%         3
 Manifold Assault         Tloc           11%        N/A       86%         5
 Summon Forest            Summ/Tloc      5%         N/A       86%         5
 Summon Mana Viper        Hex/Summ       8%         N/A       91%         5
 Summon Cactus Giant      Summ           5%         N/A       100%        6


Dungeon Overview and Level Annotations

Branches:
Dungeon (7/15)
 Temple: D:4-7

Altars:
Ashenzari
Wu Jian

Shops:
D:2 (

Annotations:
D:4 1 runed translucent door, Crazy Yiuf
D:6 Sigmund


Message History

Your iron imp disappears in a puff of smoke!
Something completely misses the killer bee.
Casting: Mephitic Cloud (quite dangerous; 17% risk of failure)
Confirm with . or Enter, or press ? or * to list all spells.
The spell is quite dangerous to cast (17% risk of failure)!
Continue anyway?
Aiming: Mephitic Cloud (quite dangerous; 17% risk of failure)
Press: ? - help, Shift-Dir - straight line, f - bullfrog
Aim: a bullfrog (chance to affect: 81%)
The ball explodes into a vile cloud!
The stinking cloud engulfs the bullfrog but does no damage.
The stinking cloud engulfs the killer bee but does no damage. x2
The killer bee is severely wounded.
The stinking cloud engulfs the gnoll but does no damage.
The gnoll is heavily wounded.
The killer bee is engulfed in noxious fumes.
The killer bee misses the killer bee.
The bullfrog is engulfed in noxious fumes.
The bullfrog appears confused.
The gnoll is engulfed in noxious fumes.
The gnoll appears confused.
The killer bee is engulfed in noxious fumes.
The killer bee appears confused.
The killer bee stings the bullfrog.
Unknown command.
Unknown command.
Found a stone staircase leading up.
The killer bee stings you.
* * * LOW HITPOINT WARNING * * *
The killer bee is engulfed in noxious fumes.
The killer bee appears confused.
The killer bee stings the bullfrog.
The killer bee closely misses you.
The gnoll is engulfed in noxious fumes.
The gnoll appears confused.
The killer bee is engulfed in noxious fumes.
The bullfrog hits you but does no damage.
Casting: Mephitic Cloud (quite dangerous; 17% risk of failure)
Confirm with . or Enter, or press ? or * to list all spells.
The spell is quite dangerous to cast (17% risk of failure)!
Continue anyway? [Y]es or [N]o only, please.
The spell is quite dangerous to cast (17% risk of failure)!
Continue anyway?
Okay, then.
Unknown command.
The killer bee stings you!
You die...

. #. ... ..#.
#.# #.y..
#g#####.#
.....##y#......
......g...#.#
.....#.☼#...#.
#.## #Fy.......
#y...#.###
#@##.#.#
#......#
#..<...#
##.....# .....#
.....# ######


You could see a bullfrog (confused), 3 killer bees and 2 gnolls.

Vanquished Creatures
  A bullfrog (D:6)
  2 orc priests (D:3)
  3 adders
  2 gnolls (D:6)
  3 orcs (D:3)
  7 ball pythons
  8 endoplasms
  4 giant cockroaches
  8 goblins
  5 hobgoblins
  4 jackals (D:3)
  6 kobolds
  2 quokkas (D:3)
  9 bats
  2 frilled lizards
  2 rats
68 creatures vanquished.

Notes
Turn   | Place    | Note
-------+----------+-------------------------------------------
     0 | D:1      | pokeman the Deep Elf Hedge Wizard began the quest for the
                  | Orb.
     0 | D:1      | Reached XP level 1. HP: 10/10 MP: 7/7
   394 | D:1      | Reached XP level 2. HP: 15/15 MP: 6/9
  1053 | D:2      | Reached skill level 5 in Spellcasting
  1285 | D:2      | Found Murud's Weapon Shop.
  1312 | D:2      | Found a faded altar of an unknown god.
  1316 | D:2      | Reached XP level 3. HP: 20/20 MP: 8/11
  1321 | D:2      | Learned a level 3 spell: Mephitic Cloud
  1324 | D:2      | Learned a level 2 spell: Call Imp
  1327 | D:2      | Learned a level 2 spell: Blink
  1331 | D:2      | Learned a level 3 spell: Conjure Flame
  1990 | D:3      | Reached skill level 1 in Armour
  2098 | D:3      | Reached skill level 1 in Fighting
  2481 | D:3      | Reached XP level 4. HP: 25/25 MP: 7/13
  2498 | D:3      | HP: 1/25 [orc priest/nerve-wracking pain (13)]
  2888 | D:3      | Found an ornate altar of the Wu Jian Council.
  3088 | D:3      | Reached skill level 6 in Spellcasting
  3088 | D:3      | Reached skill level 1 in Fire Magic
  3276 | D:4      | Reached XP level 5. HP: 29/29 MP: 13/15
  3508 | D:4      | Found a runed translucent door.
  3509 | D:4      | Noticed Crazy Yiuf
  3595 | D:4      | You fall into a shaft and drop 3 floors!
  3717 | D:7      | Found a broken altar of Ashenzari.
  3726 | D:6      | Noticed a necrophage
  3750 | D:6      | Noticed Sigmund
  3752 | D:6      | Reached skill level 1 in Air Magic
  3759 | D:6      | Slain by a killer bee

Illustrated notes

Levels and vault maps discovered:
D:1:      noname_arrival_rooms_in_the_neighbourhood, layout_basic,
          wander_ebering_terrifying_dragon_lair
D:2:      layout_loops_ring, serial_shops, shop,
          ebering_ecumenical_altar_abandoned
D:3:      layout_rooms, amcnicky_altar_gilded
D:4:      layout_cave_pools, grunt_gozag_statues,
          nicolae_overflow_hidden_temple, uniq_crazy_yiuf_cottage
D:6:      layout_loops_cross, chequers_avenue, uniq_sigmund
D:7:      layout_loops_cross, ashenzari_conservatory_becter, temple_pool_b,
          kennysheep_nondescript

Skill      XL: |  1  2  3  4  5 |
---------------+----------------+-----
Spellcasting   | 5 6 |  6.6
Armour         | 1 |  1.0
Fighting       | 1 |  1.0
Conjurations   | 2 |  2.9
Dodging        | 3 |  3.0
Fire Magic     | 1 |  1.1
Stealth        | 3 |  3.0
Air Magic      | 1 |  1.1
Summonings     | |  1.1
Translocations | |  1.1
Poison Magic   | |  0.1

Action                   |  1- 3 |  4- 6 || total
-------------------------+-------+-------++-------
Melee: Short sword       |    10 |     9 ||    19
 Cast: Magic Dart        |   106 |    41 ||   147
       Mephitic Cloud    |       |     7 ||     7
       Call Imp          |       |     2 ||     2
 Stab: Confused          |       |     2 ||     2
Armor: Robe              |     2 |     4 ||     6
Dodge: Dodged            |    12 |    13 ||    25

Table legend: (Time is in decaauts)
 A = Elapsed time spent in this place.
 B = Non-inter-level travel time spent in this place.
 C = Inter-level travel time spent in this place.
 D = Time resting spent in this place.
 E = Time spent auto-exploring this place.
 F = Levels seen in this place.
 G = Mean time per level.
                   A        B        C        D        E       F      G
               +--------+--------+--------+--------+--------+-----+--------+
         Total |   3755 |   3690 |     65 |    351 |   2917 |   6 |  625.8 |
       Dungeon |   3755 |   3690 |     65 |    351 |   2917 |   6 |  625.8 |
               +--------+--------+--------+--------+--------+-----+--------+

Top non-repeatable levels by time:
     D:2: 1249 daAuts
     D:1: 1012 daAuts
     D:3: 1010 daAuts
     D:4: 320 daAuts
     D:7: 144 daAuts
     D:6: 18 daAuts
